[ AOE2 MATCH · #507892205 ]
UnrankedDravidians vs Georgians
Player's team · LOSS
Rival team · WIN
[ REPLAY ANALYSIS · EXTRACTED FROM THE RECORDED GAME ]
Feudal
9:28
Castle
21:54
Imperial
—
| APM avg | 66.3 |
| APM peak | 114 |
| eAPM avg | 20.4 |
| Villagers / military | 51 / 44 |
Focus
⚔️ 31.2% · 🌾 68.8%
Skirmisher ×29 · Militia ×10 · Spearman ×3 · Archer ×1 · Elephant Archer ×1
Feudal
8:51
Castle
21:19
Imperial
—
| APM avg | 68.5 |
| APM peak | 105 |
| eAPM avg | 27.4 |
| Villagers / military | 59 / 68 |
Focus
⚔️ 53.3% · 🌾 46.7%
Skirmisher ×37 · Cavalry Archer ×16 · Archer ×9 · Militia ×5 · Mangonel ×1
Match map
Initial resources + every placement click. Lines = walls · curves = elevation contours. ◆ gold · ⬟ stone · ● berries · ✦ relic · ◌ wall gap
Your base· Open — unwalled flank
250130's base· Open — 6t gap
Smoothed initial terrain · ◌ = detected wall gap · hover for details
Inputs per minute
— Peace - - 250130
Build order — Peace
First 150 of 182 actions detected
| 0:00 | Create | Villager (Male) |
| 0:01 | Create | Villager (Male) |
| 0:01 | Create | Villager (Male) |
| 0:01 | Create | Villager (Male) |
| 0:02 | Create | Villager (Male) |
| 0:03 | Build | House |
| 0:06 | Build | House |
| 1:33 | Create | Villager (Male) |
| 1:34 | Create | Villager (Male) |
| 1:59 | Create | Villager (Male) |
| 2:16 | Build | Lumber Camp |
| 2:25 | Create | Villager (Male) |
| 2:48 | Create | Villager (Male) |
| 3:04 | Build | House |
| 3:12 | Create | Villager (Male) |
| 3:40 | Create | Villager (Male) |
| 3:41 | Create | Villager (Male) |
| 4:09 | Create | Villager (Male) |
| 4:32 | Create | Villager (Male) |
| 4:33 | Create | Villager (Male) |
| 5:05 | Create | Villager (Male) |
| 5:49 | Create | Villager (Male) |
| 6:02 | Build | Barracks |
| 6:09 | Build | House |
| 6:16 | Create | Villager (Male) |
| 6:44 | Research | Loom |
| 7:18 | Research | Feudal Age |
| 7:18 | Research | Feudal Age |
| 7:19 | Create | Militia |
| 7:20 | Create | Militia |
| 7:26 | Build | Mining Camp |
| 7:46 | Create | Militia |
| 7:50 | Build | House |
| 7:51 | Build | Palisade Wall |
| 7:54 | Build | Palisade Wall |
| 8:13 | Create | Militia |
| 9:07 | Build | Mill |
| 9:14 | Create | Villager (Male) |
| 9:28 | Age | Feudal Age |
| 9:31 | Research | Man-at-Arms (upgrade) |
| 9:54 | Create | Villager (Male) |
| 9:58 | Build | Archery Range |
| 10:05 | Create | Villager (Male) |
| 10:23 | Build | Blacksmith |
| 10:52 | Create | Archer |
| 10:55 | Build | Mill |
| 11:04 | Create | Villager (Male) |
| 11:14 | Build | House |
| 11:22 | Research | Padded Archer Armor |
| 11:25 | Build | Palisade Gate |
| 11:36 | Create | Villager (Male) |
| 11:58 | Create | Villager (Male) |
| 12:06 | Build | Palisade Wall |
| 12:12 | Build | Farm |
| 12:12 | Create | Villager (Male) |
| 12:25 | Create | Villager (Male) |
| 12:27 | Build | Farm |
| 12:34 | Create | Skirmisher |
| 12:46 | Build | House |
| 12:49 | Create | Skirmisher |
| 12:52 | Research | Fletching |
| 12:56 | Build | Farm |
| 12:58 | Build | Farm |
| 13:18 | Create | Villager (Male) |
| 13:21 | Build | Farm |
| 13:25 | Build | Farm |
| 13:29 | Create | Skirmisher |
| 13:35 | Build | Farm |
| 13:36 | Create | Villager (Male) |
| 13:53 | Create | Skirmisher |
| 14:01 | Build | Farm |
| 14:03 | Build | Farm |
| 14:04 | Create | Villager (Male) |
| 14:12 | Create | Skirmisher |
| 14:33 | Create | Villager (Male) |
| 14:35 | Build | Farm |
| 14:42 | Create | Skirmisher |
| 14:46 | Build | Farm |
| 14:48 | Create | Villager (Male) |
| 14:51 | Research | Town Watch |
| 14:56 | Build | House |
| 14:57 | Build | House |
| 15:16 | Create | Villager (Male) |
| 15:21 | Build | House |
| 15:27 | Create | Skirmisher |
| 15:30 | Create | Villager (Male) |
| 15:35 | Build | Farm |
| 15:50 | Build | Palisade Wall |
| 15:50 | Build | Palisade Wall |
| 15:58 | Create | Skirmisher |
| 16:12 | Create | Villager (Male) |
| 16:25 | Build | Farm |
| 16:33 | Create | Skirmisher |
| 16:35 | Create | Villager (Male) |
| 16:41 | Build | House |
| 16:42 | Build | House |
| 16:49 | Build | House |
| 16:52 | Create | Villager (Male) |
| 17:00 | Build | House |
| 17:11 | Create | Villager (Male) |
| 17:11 | Create | Villager (Male) |
| 17:34 | Build | Mill |
| 17:39 | Create | Villager (Male) |
| 17:39 | Create | Villager (Male) |
| 18:11 | Create | Skirmisher |
| 18:16 | Create | Villager (Male) |
| 18:19 | Build | Farm |
| 18:48 | Build | Farm |
| 19:14 | Research | Castle Age |
| 19:15 | Research | Horse Collar |
| 19:15 | Research | Gold Mining |
| 19:19 | Create | Skirmisher |
| 19:38 | Research | Gold Mining |
| 19:47 | Create | Spearman |
| 20:15 | Create | Skirmisher |
| 20:16 | Create | Spearman |
| 20:29 | Create | Skirmisher |
| 20:41 | Create | Skirmisher |
| 20:41 | Create | Spearman |
| 21:13 | Create | Skirmisher |
| 21:21 | Build | Lumber Camp |
| 21:47 | Build | House |
| 21:54 | Build | House |
| 21:54 | Age | Castle Age |
| 21:57 | Research | Elite Skirmisher (upgrade) |
| 21:58 | Research | Bodkin Arrow |
| 21:59 | Research | Double-Bit Axe |
| 22:10 | Create | Villager (Male) |
| 22:12 | Research | Squires |
| 22:13 | Research | Long Swordsman (upgrade) |
| 22:14 | Research | Arson |
| 22:16 | Research | Scale Mail Armor |
| 22:17 | Research | Forging |
| 22:28 | Research | Bow Saw |
| 22:32 | Create | Skirmisher |
| 22:41 | Build | Farm |
| 22:41 | Create | Villager (Male) |
| 22:56 | Create | Skirmisher |
| 22:59 | Build | Farm |
| 22:59 | Build | Farm |
| 23:00 | Build | Farm |
| 23:00 | Build | Farm |
| 23:07 | Create | Villager (Male) |
| 23:24 | Create | Skirmisher |
| 23:37 | Research | Gambesons |
| 23:52 | Build | Archery Range |
| 23:55 | Create | Skirmisher |
| 23:57 | Create | Villager (Male) |
| 23:59 | Build | Farm |
| 23:59 | Build | Farm |
Build order — 250130
First 150 of 194 actions detected
| 0:00 | Create | Villager (Male) |
| 0:01 | Create | Villager (Male) |
| 0:01 | Create | Villager (Male) |
| 0:02 | Build | House |
| 0:02 | Create | Villager (Male) |
| 0:03 | Build | House |
| 1:33 | Create | Villager (Male) |
| 1:33 | Create | Villager (Male) |
| 1:39 | Create | Villager (Male) |
| 2:01 | Create | Villager (Male) |
| 2:01 | Create | Villager (Male) |
| 2:44 | Create | Villager (Male) |
| 2:44 | Create | Villager (Male) |
| 3:06 | Create | Villager (Male) |
| 3:06 | Create | Villager (Male) |
| 3:27 | Build | Mill |
| 3:36 | Create | Villager (Male) |
| 3:36 | Create | Villager (Male) |
| 3:41 | Create | Villager (Male) |
| 3:42 | Create | Villager (Male) |
| 3:49 | Build | House |
| 4:07 | Create | Villager (Male) |
| 4:07 | Create | Villager (Male) |
| 4:46 | Build | Barracks |
| 4:56 | Create | Villager (Male) |
| 4:56 | Create | Villager (Male) |
| 5:24 | Create | Villager (Male) |
| 5:25 | Create | Villager (Male) |
| 5:25 | Create | Villager (Male) |
| 5:47 | Create | Villager (Male) |
| 5:47 | Research | Loom |
| 6:40 | Research | Feudal Age |
| 6:40 | Research | Feudal Age |
| 6:56 | Create | Militia |
| 6:57 | Create | Militia |
| 6:57 | Create | Militia |
| 7:21 | Build | House |
| 7:40 | Create | Militia |
| 8:27 | Create | Militia |
| 8:48 | Build | Palisade Wall |
| 8:51 | Age | Feudal Age |
| 8:51 | Build | House |
| 8:53 | Research | Man-at-Arms (upgrade) |
| 8:55 | Create | Villager (Male) |
| 8:55 | Create | Villager (Male) |
| 9:04 | Build | Archery Range |
| 9:07 | Build | Palisade Wall |
| 9:15 | Build | Palisade Wall |
| 9:19 | Create | Villager (Male) |
| 10:02 | Create | Villager (Male) |
| 10:03 | Create | Villager (Male) |
| 10:05 | Build | Palisade Wall |
| 10:08 | Create | Archer |
| 10:10 | Build | Palisade Wall |
| 10:16 | Build | Palisade Wall |
| 10:24 | Create | Archer |
| 10:43 | Create | Villager (Male) |
| 10:46 | Create | Archer |
| 11:15 | Create | Villager (Male) |
| 11:21 | Build | House |
| 11:23 | Build | House |
| 11:27 | Research | Double-Bit Axe |
| 11:28 | Research | Double-Bit Axe |
| 11:56 | Create | Archer |
| 11:56 | Create | Villager (Male) |
| 12:03 | Build | Farm |
| 12:06 | Build | Farm |
| 12:08 | Build | Farm |
| 12:28 | Create | Archer |
| 12:32 | Build | Farm |
| 12:32 | Create | Villager (Male) |
| 12:38 | Build | Farm |
| 12:41 | Build | Farm |
| 12:41 | Create | Villager (Male) |
| 12:42 | Create | Archer |
| 12:50 | Create | Villager (Male) |
| 12:54 | Build | Blacksmith |
| 13:03 | Create | Archer |
| 13:18 | Build | House |
| 13:29 | Build | House |
| 13:32 | Build | Palisade Wall |
| 13:33 | Create | Archer |
| 13:37 | Research | Fletching |
| 13:51 | Create | Villager (Male) |
| 14:02 | Build | Farm |
| 14:07 | Research | Horse Collar |
| 14:07 | Research | Horse Collar |
| 14:09 | Create | Villager (Male) |
| 14:22 | Create | Skirmisher |
| 14:31 | Create | Villager (Male) |
| 14:41 | Create | Skirmisher |
| 15:10 | Build | Mule Cart |
| 15:31 | Create | Villager (Male) |
| 15:31 | Create | Villager (Male) |
| 15:33 | Create | Skirmisher |
| 15:47 | Create | Archer |
| 16:03 | Create | Skirmisher |
| 16:08 | Build | Farm |
| 16:16 | Create | Villager (Male) |
| 16:27 | Create | Skirmisher |
| 16:29 | Create | Villager (Male) |
| 16:31 | Build | Farm |
| 16:33 | Build | Farm |
| 16:34 | Build | Farm |
| 16:37 | Build | Farm |
| 16:48 | Build | Farm |
| 17:00 | Build | House |
| 17:02 | Create | Skirmisher |
| 17:11 | Create | Villager (Male) |
| 17:26 | Create | Skirmisher |
| 17:29 | Build | Farm |
| 17:39 | Create | Villager (Male) |
| 18:15 | Build | Archery Range |
| 18:16 | Create | Skirmisher |
| 18:31 | Build | House |
| 18:39 | Research | Castle Age |
| 18:39 | Research | Castle Age |
| 18:59 | Create | Skirmisher |
| 18:59 | Create | Skirmisher |
| 19:02 | Build | House |
| 19:13 | Research | Padded Archer Armor |
| 19:19 | Create | Skirmisher |
| 19:19 | Create | Skirmisher |
| 19:27 | Build | Mule Cart |
| 19:38 | Create | Skirmisher |
| 19:39 | Create | Skirmisher |
| 19:50 | Create | Villager (Male) |
| 20:05 | Build | Stable |
| 20:07 | Create | Skirmisher |
| 20:07 | Create | Skirmisher |
| 20:48 | Create | Skirmisher |
| 20:55 | Create | Skirmisher |
| 21:19 | Age | Castle Age |
| 21:20 | Create | Skirmisher |
| 21:22 | Research | Elite Skirmisher (upgrade) |
| 21:26 | Create | Villager (Male) |
| 21:32 | Create | Skirmisher |
| 21:33 | Create | Skirmisher |
| 21:33 | Create | Skirmisher |
| 21:38 | Create | Cavalry Archer |
| 21:38 | Create | Cavalry Archer |
| 21:45 | Create | Villager (Male) |
| 21:45 | Create | Villager (Male) |
| 22:01 | Create | Skirmisher |
| 22:08 | Build | University |
| 22:23 | Research | Bodkin Arrow |
| 22:33 | Create | Villager (Male) |
| 22:40 | Create | Skirmisher |
| 22:40 | Create | Skirmisher |
| 22:41 | Create | Skirmisher |
Match timeline
| 4:46 | 250130 · first_building Barracks |
| 6:02 | Peace · first_building Barracks |
| 7:51 | Peace · wall_segment Palisade Wall x1 |
| 7:54 | Peace · wall_segment Palisade Wall x3 |
| 8:48 | 250130 · wall_segment Palisade Wall x4 |
| 8:51 | 250130 · age_up feudal |
| 9:04 | 250130 · first_building Archery Range |
| 9:07 | 250130 · wall_segment Palisade Wall x6 |
| 9:15 | 250130 · wall_segment Palisade Wall x6 |
| 9:28 | Peace · age_up feudal |
| 9:58 | Peace · first_building Archery Range |
| 10:05 | 250130 · wall_segment Palisade Wall x1 |
| 10:10 | 250130 · wall_segment Palisade Wall x3 |
| 10:16 | 250130 · wall_segment Palisade Wall x7 |
| 12:06 | Peace · wall_segment Palisade Wall x6 |
| 13:32 | 250130 · wall_segment Palisade Wall x1 |
| 15:50 | Peace · wall_segment Palisade Wall x1 |
| 15:50 | Peace · wall_segment Palisade Wall x1 |
| 20:05 | 250130 · first_building Stable |
| 21:19 | 250130 · age_up castle |
| 21:54 | Peace · age_up castle |
| 23:04 | 250130 · first_building Siege Workshop |
| 26:47 | Peace · resign |
[ AI ANALYSIS · 1 CREDIT ]
What really happened in this match?
Wolo.gg analyzes every decision: build order, eco, micro, common mistakes by bracket. Personalized analysis on WhatsApp or Discord in 30 seconds.
Civ guide
Dravidians
Perfil
Jugador #10924270